 Dungeon Crawl Stone Soup version 0.18.1-48-g4cf74bf (webtiles) character file.

105 urioxis the Cudgeler (level 4, -7/41 HPs)
             Began as a Minotaur Berserker on July 16, 2016.
             Was a Priest of Trog.
             Killed by divine providence
             ... invoked by an orc priest
              (14 damage)
             ... on level 3 of the Dungeon.
             The game lasted 00:04:27 (1865 turns).

urioxis the Cudgeler (Minotaur Berserker)           Turns: 1865, Time: 00:04:28

Health: -7/41      AC:  6    Str: 27    XL:     4   Next: 53%
Magic:  3/3        EV: 11    Int:  4    God:    Trog [***...]
Gold:   76         SH:  0    Dex: 10    Spells: 0 memorised, 3 levels left

rFire  + . .     SeeInvis .     b - +1 whip (freeze)
rCold  . . .     Gourm    .     a - +0 scale mail
rNeg   . . .     Faith    .     (no shield)
rPois  .         Spirit   .     (helmet restricted)
rElec  .         Dismiss  .     (no cloak)
rCorr  .         Reflect  .     (no gloves)
SustAt .         Harm     .     (no boots)
MR     .....                    (no amulet)
Stlth  ..........               (no ring)
                                j - ring of protection from fire

@: mighty, lethally poisoned (-7 -> -13), not resistant to hostile enchantments,
extremely unstealthy
A: retaliatory headbutt, horns 2
a: Berserk, Trog's Hand, Burn Spellbooks, Renounce Religion


You were on level 3 of the Dungeon.
You worshipped Trog.
Trog was most pleased with you.
You were not hungry.

You visited 1 branch of the dungeon, and saw 3 of its levels.

You collected 76 gold pieces.

Inventory:

Hand Weapons
 b - a +1 whip of freezing (weapon)
Armour
 a - a +0 scale mail (worn)
Jewellery
 j - a ring of protection from fire (left hand)
Scrolls
 d - a scroll of recharging {unknown}
 e - a scroll of identify {unknown}
 g - 3 scrolls of remove curse {unknown}
 l - 2 scrolls of teleportation {unknown}
 m - 2 scrolls of immolation {unknown}
 n - a scroll of noise {unknown}
 o - a scroll of enchant weapon {unknown}
 q - a scroll of enchant armour {unknown}
Potions
 i - 2 potions of lignification {unknown}
 k - a potion of cancellation {unknown}
Comestibles
 c - 2 bread rations
 p - 12 chunks of flesh


   Skills:
 + Level 4.4 Fighting
 * Level 4.8 Maces & Flails
 + Level 3.3 Armour
 + Level 3.0 Dodging


You had 3 spell levels left.
You didn't know any spells.

Dungeon Overview and Level Annotations

Branches:
Dungeon (3/15)

Altars:


Innate Abilities, Weirdness & Mutations

You reflexively headbutt those who attack you in melee.
You have a pair of horns on your head.


Message History

Drink which item? (? for menu, Esc to quit)
It was a potion of heal wounds.
You feel much better.
You feel sick.
You barely miss the orc warrior.
The orc warrior is severely wounded.
The orc warrior barely misses you.
You hit the orc warrior but do no damage.
The orc warrior is severely wounded.
You feel sick.
The orc warrior hits you with a war axe!
* * * LOW HITPOINT WARNING * * *
You hit the orc warrior but do no damage.
The orc warrior is severely wounded.
You feel sick.
Drink which item? (? for menu, Esc to quit)
It was a potion of might.
You feel very mighty all of a sudden.
The orc warrior hits you but does no damage.
The orc priest mumbles some strange prayers to Beogh against you.
Beogh smites you!
You die...

..#######.###..#
### #......#
##.....# ####.##
#.# #######.#
........#
........#########
..#####.oo@.....#
#....)#######.#
.........#
....#.....# #.#
##...## # ...##
###.# #.# #+#


You could see an orc warrior and an orc priest.

Vanquished Creatures
  4 adders
  An ooze (D:1)
  2 dart slugs
  2 orcs (D:3)
  5 bats
  3 giant cockroaches
  4 goblins
  5 hobgoblins
  17 jackals
  2 quokkas
  2 giant newts (D:1)
  3 kobolds
  4 rats (D:2)
  A bush (D:1)
55 creatures vanquished.

Notes
Turn   | Place    | Note
--------------------------------------------------------------
     0 | D:1      | urioxis the Minotaur Berserker began the quest for the Orb.
     0 | D:1      | Reached XP level 1. HP: 19/19 MP: 0/0
   275 | D:1      | Reached XP level 2. HP: 27/27 MP: 1/1
   891 | D:2      | Reached XP level 3. HP: 20/33 MP: 2/2
  1050 | D:2      | Reached ** piety under Trog
  1295 | D:2      | Reached XP level 4. HP: 30/41 MP: 3/3
  1722 | D:3      | Reached *** piety under Trog
  1849 | D:3      | Noticed an orc warrior
  1865 | D:3      | Killed from afar by an orc priest

Skill      XL: |  1  2  3  4 |
---------------+-------------+-----
Maces & Flails | 4 |  4.8
Fighting       | 4 |  4.4
Armour         | 3 |  3.3
Dodging        | 3 |  3.0

Action                   |  1- 3 |  4- 6 || total
-------------------------+-------+-------++-------
Melee: Mace              |   119 |     8 ||   127
       Headbutt          |    37 |     6 ||    43
       Whip              |       |    37 ||    37
  Use: Potion            |       |     2 ||     2
  Eat: Chunk             |     1 |     2 ||     3
Armor: Animal skin       |    21 |     2 ||    23
       Ring mail         |       |     4 ||     4
       Scale mail        |       |     4 ||     4
Dodge: Dodged            |    58 |    22 ||    80
